 Dungeon Crawl Stone Soup version 0.19.5 (webtiles) character file.

7823 equalderp2856 the Carver (level 11, -10/81 HPs)
             Began as a Mummy Fighter on Mar 30, 2017.
             Mangled by a white ugly thing (12 damage)
             ... on level 10 of the Dungeon.
             The game lasted 01:08:03 (19842 turns).

equalderp2856 the Carver (Mummy Fighter)           Turns: 19842, Time: 01:08:04

Health: -10/81     AC: 16    Str: 22    XL:     11   Next: 1%
Magic:  17/17      EV:  6    Int: 11    God:
Gold:   333        SH: 11    Dex: 12    Spells: 5 memorised, 9 levels left

rFire  x . .     SeeInvis .     a - +1 long sword
rCold  + . .     Gourm    .     x - +0 plate armour
rNeg   + + +     Faith    .     c - +1 shield
rPois  ∞         Spirit   .     m - +2 helmet
rElec  .         Reflect  .     (no cloak)
rCorr  +         Harm     .     (no gloves)
MR     +....                    (no boots)
Stlth  ..........               (no amulet)
                                q - ring of resist corrosion
                                j - +3 ring of intelligence

@: no status effects
A: no food or potions, fire vulnerability, cold resistance 1, negative energy
resistance 3, torment resistance, unbreathing
a: no special abilities


You were on level 10 of the Dungeon.
You were not hungry.

You visited 1 branch of the dungeon, and saw 10 of its levels.

You collected 333 gold pieces.

Inventory:

Hand Weapons
 a - a +1 long sword (weapon)
 p - a +0 shortbow
 t - a +2 dagger of speed
 u - a +1 shortbow of freezing
 D - a +0 dagger
 E - a +2 dagger of protection
 G - a +0 short sword
 H - a +0 hunting sling
 T - a +0 falchion
Missiles
 n - 243 arrows
 r - 33 bolts
 v - 261 stones
 w - 72 poisoned needles
 F - 4 large rocks (quivered)
 L - 19 sling bullets
 Y - 4 tomahawks of returning
Armour
 b - a +0 scale mail
 c - a +1 shield (worn)
 h - a +0 robe
 m - a +2 helmet (worn)
 x - a +0 plate armour (worn)
 A - a +0 leather armour
 B - a +0 scale mail
 J - a +0 scale mail
 K - a +0 robe
 M - a +0 leather armour
 N - a +0 robe
 O - a +0 plate armour
 P - a +0 robe
 R - a -2 chain mail
 S - a +0 robe
 V - a +0 leather armour
 X - a +0 chain mail
 Z - a +0 ring mail
Jewellery
 j - a +3 ring of intelligence (left hand)
 q - a ring of resist corrosion (right hand)
Wands
 d - a wand of random effects (25/48)
 i - a wand of digging (5/24)
 k - a wand of flame (22/48)
 l - a wand of iceblast (5/15)
 o - a wand of lightning (8/15)
 s - a wand of polymorph (3/24)
 U - a wand of acid (11/15)
Scrolls
 e - 8 scrolls of identify
 f - 2 scrolls of remove curse
Books
 g - a book of Minor Magic

   Spells                             Type                      Level
   a - Magic Dart                     Conjuration                  1
   b - Blink                          Translocation                2
   c - Call Imp                       Summoning                    2
   d - Repel Missiles                 Charms/Air                   2
   e - Slow                           Hexes                        2
   f - Conjure Flame                  Conjuration/Fire             3
   g - Mephitic Cloud                 Conjuration/Poison/Air       3


   Skills:
 + Level 6.1 Fighting
 + Level 8.4 Long Blades
 + Level 6.2 Armour
 + Level 3.4 Dodging
 + Level 0.6 Stealth
 + Level 6.4 Shields
 + Level 4.0 Spellcasting
 + Level 4.1 Translocations
 + Level 0.1 Evocations


You had 9 spell levels left.
You knew the following spells:

 Your Spells              Type           Power        Failure   Level  Hunger
a - Magic Dart            Conj           #...         100%        1    N/A
b - Blink                 Tloc           N/A          100%        2    N/A
c - Call Imp              Summ           #.......     100%        2    N/A
d - Repel Missiles        Chrm/Air       #.....       100%        2    N/A
e - Slow                  Hex            #.......     100%        2    N/A

Dungeon Overview and Level Annotations

Branches:
Dungeon (10/15)            Temple (0/1) D:6
   Lair: D:8-11         Orc: D:9-12

Altars:
Ashenzari
Fedhas
Kikubaaqudgha
Okawaru
Qazlal
Ru
Sif Muna
Trog
Uskayaw
Vehumet
Xom
The Shining One

Shops:
D:6 :   D:10 **


Innate Abilities, Weirdness & Mutations

You do not eat or drink.
Your flesh is vulnerable to fire.
You are immune to poison.
Your flesh is cold resistant. (rC+)
You are immune to negative energy. (rN+++)
You are immune to unholy pain and torment.
You can survive without breathing.


Message History

The white ugly thing punches you but does no damage.
You hit the hill giant.
The hill giant is severely wounded.
You block the hill giant's attack.
The white ugly thing punches you but does no damage.
Your shield and plate armour prevent you from hitting the hill giant.
The hill giant is severely wounded.
The white ugly thing punches you!
* * * LOW HITPOINT WARNING * * *
The white ugly thing freezes you! You resist.
* * * LOW HITPOINT WARNING * * *
The hill giant hits you with a giant spiked club.
* * * LOW HITPOINT WARNING * * *
You can't drink.
You hit the hill giant but do no damage.
The hill giant is severely wounded.
The white ugly thing punches you.
* * * LOW HITPOINT WARNING * * *
The white ugly thing freezes you! You resist.
You die...

..........#..#
###.##.......# #
#.#######.## ###.# #.#
....# #.# ###########
####### #.# #.......†.#
......# #.# #.#######.#
#####.#####.#######.#####
#.# #..........u@C....(.#
#.#
#..####.#######.###.###.#
.....# #...# #.........#
#?###.###>....#
#####.##### ..# ##...##
#C# #### ##.## #.. #.#
##. #.# .# ..


You could see a white ugly thing (inner flame) and a hill giant (inner flame).

Vanquished Creatures
  A hornet (D:10)
  A troll (D:10)
  3 hippogriffs
  A spriggan (D:8)
  A wraith (D:9)
  5 yaks (D:9)
  2 hungry ghosts
  Edmund (D:5)
  A water moccasin (D:9)
  Duvessa (D:6)
  4 orc warriors
  A black bear (D:7)
  A hornet zombie (D:9)
  3 ice beasts
  2 phantoms
  4 sky beasts
  3 ogres
  A necrophage (D:10)
  6 centaurs
  A crocodile (D:7)
  8 bullfrogs
  2 gnoll sergeants
  Dowan (D:6)
  3 scorpions
  A water moccasin skeleton (D:9)
  8 crimson imps
  4 bullfrog zombies
  A quasit (D:9)
  A centaur zombie (D:6)
  A centaur skeleton (D:7)
  4 jellies
  10 orc priests
  2 hounds
  3 bullfrog skeletons
  6 iguanas
  8 orc wizards
  8 worker ants
  A hound skeleton (D:7)
  2 worker ant zombies
  A howler monkey skeleton (D:10)
  14 gnolls
  20 adders
  2 shadow imps (D:5)
  2 oozes
  2 adder zombies
  An adder skeleton (D:6)
  3 worms
  9 leopard geckos
  46 orcs
  4 giant cockroaches
  10 goblins
  10 hobgoblins
  7 jackals
  15 kobolds
  9 quokkas
  2 ball pythons
  9 bats
  8 frilled lizards
  6 rats
297 creatures vanquished.

Notes
Turn   | Place    | Note
-------+----------+-------------------------------------------
     0 | D:1      | equalderp2856 the Mummy Fighter began the quest for the Orb.
     0 | D:1      | Reached XP level 1. HP: 18/18 MP: 1/1
   102 | D:1      | Reached XP level 2. HP: 24/24 MP: 2/2
   335 | D:1      | Found a glowing golden altar of the Shining One.
   734 | D:2      | Found a blossoming altar of Fedhas.
   736 | D:2      | Found a radiant altar of Vehumet.
   737 | D:2      | Found a shattered altar of Ashenzari.
   790 | D:2      | Reached XP level 3. HP: 28/29 MP: 3/3
   907 | D:2      | Reached skill level 2 in Long Blades
  1448 | D:2      | Found a stormy altar of Qazlal.
  1509 | D:2      | Found a shimmering altar of Xom.
  1551 | D:2      | Reached XP level 4. HP: 29/35 MP: 4/4
  1595 | D:2      | Reached skill level 1 in Dodging
  2612 | D:3      | Reached XP level 5. HP: 24/41 MP: 5/5
  3133 | D:3      | Reached skill level 3 in Long Blades
  3175 | D:3      | Found a faded altar of an unknown god.
  3219 | D:3      | Reached XP level 6. HP: 41/48 MP: 6/6
  4098 | D:4      | Found a bloodstained altar of Trog.
  4122 | D:4      | Found a blossoming altar of Fedhas.
  4300 | D:5      | Entered Level 5 of the Dungeon
  4366 | D:5      | Noticed Edmund
  4492 | D:5      | Found an ancient bone altar of Kikubaaqudgha.
  4725 | D:4      | Reached XP level 7. HP: 30/54 MP: 7/7
  4905 | D:5      | Reached skill level 4 in Long Blades
  5493 | D:5      | Killed Edmund
  5916 | D:5      | Reached skill level 5 in Long Blades
  5936 | D:6      | Found Hymmie Iqow's Book Shop.
  5953 | D:6      | Reached XP level 8. HP: 55/60 MP: 8/8
  6153 | D:6      | Found a staircase to the Ecumenical Temple.
  6548 | D:6      | Found an iron altar of Okawaru.
  6880 | D:6      | Reached skill level 6 in Long Blades
  6912 | D:6      | Noticed Dowan
  7035 | D:7      | Reached skill level 5 in Fighting
  7035 | D:7      | Reached skill level 5 in Shields
  7241 | D:7      | Reached XP level 9. HP: 65/68 MP: 9/9
  7681 | D:6      | Noticed Duvessa
  7921 | D:7      | Reached skill level 5 in Armour
  8796 | D:8      | Reached skill level 7 in Long Blades
  9294 | D:7      | Found a hide-covered altar of Uskayaw.
  9470 | D:7      | Found a deep blue altar of Sif Muna.
 10889 | D:3      | Learned a level 1 spell: Magic Dart
 10892 | D:3      | Learned a level 2 spell: Blink
 10895 | D:3      | Learned a level 2 spell: Call Imp
 10898 | D:3      | Learned a level 2 spell: Repel Missiles
 12030 | D:3      | Reached XP level 10. HP: 74/76 MP: 10/10
 12458 | D:3      | Learned a level 2 spell: Slow
 13516 | D:6      | Killed Dowan
 13516 | D:6      | Reached skill level 1 in Spellcasting
 13540 | D:6      | Killed Duvessa
 15441 | D:8      | Reached skill level 1 in Translocations
 16413 | D:9      | Found a sacrificial altar of Ru.
 18223 | D:9      | Reached skill level 8 in Long Blades
 18736 | D:10     | Entered Level 10 of the Dungeon
 18768 | D:10     | Noticed a white ugly thing
 18964 | D:10     | Noticed a soul eater
 18966 | D:10     | Noticed a hill giant
 18972 | D:10     | HP: 3/76 [hill giant/giant club (35)]
 19354 | D:10     | Found Deqahy's General Store.
 19367 | D:10     | Found Gupakhex's Assorted Antiques.
 19510 | D:10     | Reached XP level 11. HP: 40/81 MP: 17/17
 19825 | D:10     | Noticed a hill giant
 19842 | D:10     | HP: 2/81 [white ugly thing (5)]
 19842 | D:10     | Mangled by a white ugly thing

Skill      XL: |  1  2  3  4  5  6  7  8  9 10 |
---------------+-------------------------------+-----
Long Blades    | 2 3 5 6 7 8 |  8.4
Shields        | 3 4 5 6 |  6.4
Dodging        | 1 2 3 |  3.4
Armour         | 3 4 5 6 |  6.2
Fighting       | 4 5 6 |  6.1
Spellcasting   | 4 |  4.0
Translocations | 4 |  4.1
Stealth        | |  0.6
Evocations     | |  0.1

Action                   |  1- 3 |  4- 6 |  7- 9 | 10-12 || total
-------------------------+-------+-------+-------+-------++-------
Melee: Long sword        |   174 |   290 |   741 |   660 ||  1865
       Hunting sling     |       |       |       |   231 ||   231
 Fire: Hunting sling     |       |       |       |    29 ||    29
 Cast: Blink             |       |       |       |     4 ||     4
Evoke: Wand              |       |       |     1 |       ||     1
  Use: Scroll            |       |       |    12 |     3 ||    15
Armor: Scale mail        |    99 |   108 |   288 |     1 ||   496
       Plate armour      |       |       |       |   378 ||   378
       Chain mail        |       |       |       |    26 ||    26
       Robe              |       |       |       |     3 ||     3
Dodge: Dodged            |    77 |    86 |   213 |   218 ||   594
Block: Shield            |   100 |   178 |   361 |   538 ||  1177
       Rpst.: Long sword |    22 |    28 |    73 |    47 ||   170
